 Dungeon Crawl Stone Soup version 0.23-a0-650-ga4d50d4 (console) character file.

22 bli the Shield-Bearer (level 3, -4/29 HPs)
             Began as a Formicid Fighter on Jan 4, 2019.
             Slain by an orc warrior
             ... wielding a +0 scimitar
              (17 damage)
             ... on level 2 of the Dungeon.
             The game lasted 00:02:20 (453 turns).

bli the Shield-Bearer (Formicid Fighter)             Turns: 453, Time: 00:02:20

Health: -4/29      AC:  6    Str: 20    XL:     3   Next: 7%
Magic:  3/3        EV:  8    Int:  7    God:
Gold:   0          SH:  9    Dex: 11    Spells: 2/2 levels left

rFire    . . .     SeeInvis +   a - +0 long sword
rCold    . . .     Gourm    .   c - +0 shield
rNeg     . . .     Faith    .   b - +0 scale mail
rPois    .         Spirit   .   (helmet unavailable)
rElec    .         Reflect  .   (no cloak)
rCorr    .         Harm     .   (no gloves)
MR       .....                  (no boots)
Stlth    ..........             (no amulet)
HPRegen  0.09/turn              (no ring)
MPRegen  0.08/turn              (no ring)

@: no status effects
A: permanent stasis, dig shafts and tunnels, four strong arms, antennae 3
a: Dig, Shaft Self


You were on level 2 of the Dungeon.
You were not hungry.

You visited 1 branch of the dungeon, and saw 2 of its levels.

Inventory:

Hand Weapons
 a - a +0 long sword (weapon)
 j - a +0 hunting sling
Missiles
 e - 35 stones (quivered)
 h - 12 sling bullets
Armour
 b - a +0 scale mail (worn)
 c - a +0 shield (worn)
Potions
 d - a potion of might
 i - a potion of agility {unknown}
Comestibles
 f - a ration
 g - 9 chunks of flesh


   Skills:
 - Level 3.2 Fighting
 * Level 2.6 Long Blades
 - Level 3.2 Armour
 * Level 4.3 Shields


You had 2 spell levels left.
You didn't know any spells.
Your spell library was empty.

Dungeon Overview and Level Annotations

Branches:
Dungeon (2/15)

Altars:


Innate Abilities, Weirdness & Mutations

You cannot be hasted, slowed, berserked, paralysed or teleported.
You can dig through walls and to a lower floor.
Your four strong arms can wield two-handed weapons with a shield.
You have a pair of large antennae on your head. (SInv)


Message History

Found 20 bolts.
There is an escape hatch in the floor here.
You block the orc warrior's attack.
You slide downwards.
The hatch slams shut behind you.
You barely miss the orc warrior. You block the orc warrior's attack.
Your scale mail prevents you from hitting the orc warrior.
You block the orc warrior's attack.
You closely miss the orc warrior.
The orc warrior hits you with a +0 scimitar!
You block the orc warrior's attack.
You hit the orc warrior but do no damage.
You block the orc warrior's attack.
You hit the orc warrior but do no damage.
You block the orc warrior's attack.
You hit the orc warrior but do no damage.
The orc warrior hits you with a +0 scimitar.
You closely miss the orc warrior.
The orc warrior hits you with a +0 scimitar!
Ouch! That really hurt!
You die...

###..... ##### #.....#
#...##########.....#####
#.#........)...........#
#...########.#.....#.#.#
##.## #.#.>....>#.# #.#
#.###..#..#.####
#÷#########.###.........?####
#.#..........(............{oo
#.#.#######.###.#...#.## {
#...# #...@oo..#.#.# ###.#
#(.###o..<.#.# #.# #..#
##..#.[.# #.# #............#
#.# #.#####..##.## #.# #.#
#..##.# { #.# #.# #..##.#
#.######.#####..##.#
#...÷...............
#.###.#..##### ###
#.##.###.##


You could see an orc warrior and 2 orcs.

Vanquished Creatures
  2 worms (D:2)
  2 orcs (D:2)
  5 goblins (D:2)
  A quokka (D:2)
  A bat (D:2)
  3 rats (D:2)
14 creatures vanquished.

Vanquished Creatures (others)
  4 toadstools (D:1)
4 creatures vanquished.

Grand Total: 18 creatures vanquished

Notes
Turn   | Place    | Note
-------+----------+-------------------------------------------
     0 | D:1      | bli the Formicid Fighter began the quest for the Orb.
     0 | D:1      | Reached XP level 1. HP: 18/18 MP: 1/1
    34 | D:1      | You fall through a shaft!
   255 | D:2      | Reached skill level 4 in Shields
   255 | D:2      | Reached XP level 2. HP: 24/24 MP: 2/2
   420 | D:2      | Reached XP level 3. HP: 27/29 MP: 3/3
   422 | D:2      | Noticed an orc warrior
   453 | D:2      | Slain by an orc warrior

Vault maps used:
D:1:      ldierk_water_garden
D:2:      minmay_spotlight

Skill      XL: |  1 |
---------------+----+-----
Shields        | 4 |  4.3
Fighting       | |  3.2
Long Blades    | |  2.6
Armour         | |  3.2

Action                   || total
-------------------------++-------
Melee: Long sword        ||    58
 Abil: Shaft Self        ||     1
       Dig               ||     1
Armor: Scale mail        ||    19
Dodge: Dodged            ||    17
Block: Shield            ||    32
       Rpst.: Long sword ||     5

Table legend:
 A = Non-vault XP
 B = Vault XP
 C = Vault XP percentage of total XP
 D = Non-vault monster count
 E = Vault monster count
 F = Vault count percentage of total count
                 A         B        C        D         E       F
            +---------+---------+-------+---------+---------+-------
      Total |      29 |       3 |   9.4 |      12 |       2 |  14.3
            +---------+---------+-------+---------+---------+-------
        D:2 |      29 |       3 |   9.4 |      12 |       2 |  14.3
            +---------+---------+-------+---------+---------+-------
